 Dungeon Crawl Stone Soup version 0.31-a0-1074-g0b22e4e0f1 (webtiles) character file.

Game seed: 3187763754819029492

380 Jeffwins the Shooter (level 6, -2/48 HPs)
             Began as an Armataur Hunter on Nov 27, 2023.
             Slain by a sky beast (5 damage)
             ... on level 4 of the Dungeon.
             The game lasted 00:05:01 (3458 turns).

Jeffwins the Shooter (Armataur Hunter)              Turns: 3458, Time: 00:05:02

Health: -2/48      AC:  4    Str: 16    XL:     6   Next: 46%
Magic:  6/6        EV:  9    Int: 18    God:
Gold:   216        SH:  0    Dex: 13    Spells: 5/5 levels left

rFire   . . .        a - +0 shortbow
rCold   . . .        (shield currently unavailable)
rNeg    . . .        c - +0 leather armour
rPois   .            (helmet currently unavailable)
rElec   .            (cloak currently unavailable)
rCorr   .            h - melded +0 pair of gloves
SInv    .            (no barding)
Will    +....        (no amulet)
Stlth   ++           g - ring of willpower
HPRegen 0.28/turn    I - +6 ring of intelligence
MPRegen 0.10/turn

%: roll
@: brilliant, beast-form
A: beast (slay +1), large, deformed body, tough skin 3, armoured tail, roll 1,
long tongue
a: Begin Untransformation


You were on level 4 of the Dungeon.
You were a hulking beast.
You visited 1 branch of the dungeon, and saw 4 of its levels.

You collected 216 gold pieces.


Innate Abilities, Weirdness & Mutations

You are a hulking beast.
Your limbs bulge with bestial killing power. (Slay +1)
Armour fits poorly on your strangely shaped body.
You have extremely tough skin. (AC +3)
You have a long armoured tail.
You roll when moving toward enemies. (Rampage)
Your long tongue fully drains potion bottles. (2x potion effects)


   Skills:
 - Level 2.0 Fighting
 * Level 4.6 Ranged Weapons
 - Level 1.3 Dodging
 + Level 3.7 Stealth
 + Level 1.7 Evocations
 + Level 2.0 Shapeshifting


You had 5 spell levels left.
You didn't know any spells.
Your spell library was empty.

Inventory:

Hand Weapons
 a - a +0 shortbow (weapon)
Missiles
 n - 5 poisoned darts
Armour
 c - a +0 leather armour (worn)
 h - a +0 pair of gloves (melded)
Jewellery
 g - a ring of willpower (left hand)
 I - a +6 ring of intelligence (right hand)
Talismans
 j - a beast talisman (active)
Wands
 s - a wand of polymorph (8)
Scrolls
 b - a scroll of butterflies
 d - a scroll of brand weapon
 f - a scroll of noise {unknown}
 i - a scroll of teleportation {unknown}
 k - a scroll of torment {unknown}
 m - a scroll of silence {!r}
 o - a scroll of revelation {unknown}
 t - a scroll of amnesia
Potions
 e - a potion of brilliance
 l - 2 potions of heal wounds {unknown}
 p - 3 potions of mutation {unknown}
 q - a potion of curing {unknown}

Dungeon Overview and Level Annotations

Branches:
Dungeon (4/15)
 Temple: D:4-7

Altars:
Ashenzari
Dithmenos

.## #...# ##
####...# #
##......#######
####.............#
............####.#
......####### #.#
.....## #.#
........ #.#
###.....# #h#
#.###.# #Y.# #.#
... ...## ..# ##
####


You could see a sky beast.


Message History

You shoot an arrow. Something hits you but does no damage.
You shoot an arrow. Something hits you.
* * * LOW HITPOINT WARNING * * *
Something shocks you.
* * * LOW HITPOINT WARNING * * *
You shoot an arrow. Something hits you but does no damage.
You shoot an arrow.
A sky beast appears from thin air!
Reactivating autopickup.
The sky beast hits you.
* * * LOW HITPOINT WARNING * * *
The sky beast shocks you.
* * * LOW HITPOINT WARNING * * *
Unknown command.
You shoot an arrow. The arrow closely misses the sky beast.
The sky beast barely misses you.
Unknown command.
You shoot an arrow. The arrow closely misses the sky beast.
The sky beast hits you.
* * * LOW HITPOINT WARNING * * *
The sky beast shocks you.
* * * LOW HITPOINT WARNING * * *
The sky beast closely misses you.
Unknown command.
It was a potion of brilliance.
You feel clever all of a sudden.
You slurp down every last drop of the potion of brilliance!
The sky beast hits you.
* * * LOW HITPOINT WARNING * * *
The sky beast shocks you.
You die...

Skill      XL: |  1  2  3  4  5  6 |
---------------+-------------------+-----
Ranged Weapons | 3 4 |  4.6
Fighting       | 2 |  2.0
Stealth        | 2 3 |  3.7
Shapeshifting  | 1 2 |  2.0
Evocations     | 1 |  1.7
Dodging        | |  1.3

Action                     |  1- 3 |  4- 6 || total
---------------------------+-------+-------++-------
  Melee: Unarmed           |       |     5 ||     5
   Fire: Shortbow          |   168 |   189 ||   357
    Use: Potion            |       |     4 ||     4
         Scroll            |       |     3 ||     3
 Armour: Leather armour    |    93 |    97 ||   190
         Skin              |       |    12 ||    12
  Dodge: Dodged            |    69 |    30 ||    99
   Form: Beast             |     1 |       ||     1

Levels and vault maps discovered:
D:1:      lightli_arrival_noodles, layout_basic
D:2:      layout_loops_ring, minmay_hexomino_p4
D:3:      kennysheep_the_goblin_king, layout_loops_cross,
          general_overflow_altar, cheibrodos_ashenzari_chains, chequers_avenue,
          nicolae_elevator_lobby_asterisk
D:4:      layout_rooms

Notes
Turn   | Place    | Note
-------+----------+-------------------------------------------
     0 | D:1      | Jeffwins the Armataur Hunter began the quest for the Orb.
     0 | D:1      | Reached XP level 1. HP: 17/17 MP: 1/1
    18 | D:1      | Reached skill level 3 in Ranged Weapons
   329 | D:1      | Reached skill level 2 in Fighting
   329 | D:1      | Reached XP level 2. HP: 24/24 MP: 2/2
   792 | D:2      | Reached skill level 2 in Stealth
   819 | D:2      | Reached XP level 3. HP: 23/29 MP: 3/3
  1712 | D:3      | Reached XP level 4. HP: 22/36 MP: 4/4
  1843 | D:3      | Reached skill level 1 in Shapeshifting
  1917 | D:3      | Noticed Ijyb
  1951 | D:2      | Killed Ijyb
  2197 | D:3      | Reached skill level 4 in Ranged Weapons
  2248 | D:3      | Found a broken altar of Ashenzari.
  2270 | D:3      | Found a shadowy altar of Dithmenos.
  2508 | D:3      | Reached XP level 5. HP: 14/41 MP: 5/5
  2665 | D:4      | Reached skill level 3 in Stealth
  2804 | D:4      | Noticed a black bear
  2818 | D:4      | Identified a potion of resistance
  2825 | D:4      | Killed a black bear
  2826 | D:4      | Reached skill level 1 in Evocations
  2954 | D:4      | Reached XP level 6. HP: 33/48 MP: 6/6
  3203 | D:4      | Reached skill level 2 in Shapeshifting
  3445 | D:4      | Noticed a sky beast
  3458 | D:4      | HP: 3/48 [sky beast (3)]
  3458 | D:4      | Slain by a sky beast

Vanquished Creatures
  A black bear (D:4)
  A hound (D:4)
  An iguana (D:4)
  Ijyb (D:2)
  6 adders
  7 gnolls
  A worm (D:2)
  A dart slug (D:1)
  2 orcs
  3 endoplasms
  2 giant cockroaches (D:2)
  12 goblins
  11 hobgoblins
  6 jackals
  3 quokkas
  9 ball pythons
  5 bats
  2 frilled lizards (D:1)
  6 kobolds
  5 rats
85 creatures vanquished.

Table legend: (Time is in decaauts)
 A = Elapsed time spent in this place.
 B = Non-inter-level travel time spent in this place.
 C = Inter-level travel time spent in this place.
 D = Time resting spent in this place.
 E = Time spent auto-exploring this place.
 F = Levels seen in this place.
 G = Mean time per level.
                   A        B        C        D        E       F      G
               +--------+--------+--------+--------+--------+-----+--------+
         Total |   3541 |   3391 |    150 |    320 |   2372 |   4 |  885.2 |
       Dungeon |   3541 |   3391 |    150 |    320 |   2372 |   4 |  885.2 |
               +--------+--------+--------+--------+--------+-----+--------+

Top non-repeatable levels by time:
     D:3: 1073 daAuts
     D:4: 916 daAuts
     D:2: 887 daAuts
     D:1: 663 daAuts

Table legend:
 A = Non-vault XP
 B = Vault XP
 C = Vault XP percentage of total XP
 D = Non-vault monster count
 E = Vault monster count
 F = Vault count percentage of total count
                 A         B        C        D         E       F
            +---------+---------+-------+---------+---------+-------
      Total |     494 |      50 |   9.2 |      76 |       9 |  10.6
            +---------+---------+-------+---------+---------+-------
        D:1 |      24 |       0 |   0.0 |      15 |       0 |   0.0
        D:2 |      37 |      40 |  51.9 |      18 |       3 |  14.3
        D:3 |      82 |      10 |  10.9 |      20 |       6 |  23.1
        D:4 |     351 |       0 |   0.0 |      23 |       0 |   0.0
            +---------+---------+-------+---------+---------+-------
